General information
			
			
        
        - name: BNet
 
        - type: Ladder team game (AT/RT)
 
        - host: Battle.net
 
        - saver: CVNTPUNT
 
        
map: TwistedMeadows 
        - players: 4
 
        - length: 12:08
 
        - speed: Fast
 - version: 1.22 W3XP
 - replay type:  Public
 
» download(44 KB)
Players
        team 1 (loser) 
              
              
» 
DotaLoSer69 (
pink | 40 APM | 477 actions | 11:51)
              
 3 Paladin 
 2 Holy Light
 1 Devotion Aura
 
                » actions 
                
                | Assign group hotkey | 7 |  | 
| Build / train | 47 |  | 
| Enter build submenu | 20 |  | 
| Enter hero's abilities submenu | 4 |  | 
| Remove unit from queue | 4 |  | 
| Right click | 189 |  | 
| Select / deselect | 152 |  | 
| Select group hotkey | 26 |  | 
| Use ability | 28 |  | 
                477 total
 » units 
                
                | Peasant | 24 |  | 
| Footman | 10 |  | 
| Rifleman | 2 |  | 
                36 total
 » upgrades
                » buildings
                
                | Barracks | 1 |  | 
| Altar of Kings | 2 |  | 
| Farm | 7 |  | 
| Lumber Mill | 1 |  | 
| Arcane Vault | 1 |  | 
| Keep | 1 |  | 
| Blacksmith | 1 |  | 
| Town Hall | 1 |  | 
                15 total
 » build order
                00:17 Barracks
00:20 Altar of Kings
00:33 Farm
01:27 Farm
02:35 Farm
02:45 Lumber Mill
03:20 Farm
04:09 Arcane Vault
04:48 Keep
05:00 Farm
05:14 Farm
06:01 Blacksmith
07:42 Town Hall
07:57 Farm
10:47 Altar of Kings
» items
                
                | Scroll of Regeneration | 1 |  | 
| Potion of Healing | 1 |  | 
                2 total
  
               
              
              
Belchun (
teal | 20 APM | 242 actions | 12:05)
              
 1 Demon Hunter 
 1 Immolation
 
                » actions 
                
                | Build / train | 25 |  | 
| Enter build submenu | 14 |  | 
| Enter hero's abilities submenu | 1 |  | 
| Right click | 62 |  | 
| Select / deselect | 129 |  | 
| Use ability | 11 |  | 
                242 total
 » units 
                » buildings
                
                | Altar of Elders | 1 |  | 
| Ancient of War | 1 |  | 
| Moon Well | 5 |  | 
| Tree of Ages | 1 |  | 
| Hunter's Hall | 1 |  | 
                9 total
 » build order
                00:07 Altar of Elders
00:17 Ancient of War
01:32 Moon Well
02:37 Moon Well
04:32 Tree of Ages
05:10 Hunter's Hall
06:03 Moon Well
10:36 Moon Well
11:37 Moon Well
 
               team 2 (winner) 
              
              
» 
CVNTPUNT (
red | 95 APM | 1155 actions | 12:08)
              
 4 Priestess of the Moon 
 2 Searing Arrows
 2 Trueshot Aura
 3 Demon Hunter 
 2 Evasion
 1 Mana Burn
 
                » actions 
                
                | Assign group hotkey | 45 |  | 
| Basic commands | 64 |  | 
| Build / train | 47 |  | 
| Enter build submenu | 19 |  | 
| Enter hero's abilities submenu | 7 |  | 
| Remove unit from queue | 1 |  | 
| Right click | 445 |  | 
| Select / deselect | 251 |  | 
| Select group hotkey | 241 |  | 
| Use ability | 35 |  | 
                1155 total
 » units 
                » upgrades
                
                | Strength of the Moon | 2 |  | 
| Moon Armor | 2 |  | 
| Ultravision | 2 |  | 
                6 total
 » buildings
                
                | Altar of Elders | 1 |  | 
| Moon Well | 9 |  | 
| Ancient of War | 4 |  | 
| Tree of Ages | 0 |  | 
| Hunter's Hall | 2 |  | 
| Tree of Life | 2 |  | 
                18 total
 » build order
                00:05 Altar of Elders
00:25 Moon Well
00:52 Ancient of War
01:46 Moon Well
03:24 Moon Well
04:38 Tree of Ages
04:42 Hunter's Hall
04:45 Hunter's Hall
04:55 Ancient of War
04:59 Ancient of War
05:02 Moon Well
05:04 Moon Well
05:14 Moon Well
07:37 Tree of Life
08:25 Ancient of War
10:29 Moon Well
10:36 Tree of Life
11:12 Moon Well
11:30 Moon Well
 
               
              
              
saosin. (
orange | 80 APM | 187 actions | 02:19)
              
 1 Demon Hunter 
 1 Mana Burn
 
                » actions 
                
                | Assign group hotkey | 8 |  | 
| Build / train | 13 |  | 
| Enter build submenu | 4 |  | 
| Enter hero's abilities submenu | 1 |  | 
| Right click | 108 |  | 
| Select / deselect | 30 |  | 
| Select group hotkey | 19 |  | 
| Use ability | 4 |  | 
                187 total
 » units 
                » buildings
                
                | Altar of Elders | 1 |  | 
| Moon Well | 2 |  | 
| Ancient of War | 1 |  | 
                4 total
 » build order
                00:09 Altar of Elders
00:22 Moon Well
00:49 Ancient of War
01:32 Moon Well
 
                Chat log
          (00:15 / All) saosin.: gglg
(01:01 / Allies) CVNTPUNT: good band
(01:05 / Allies) saosin.: :)
(02:19 / All) DotaLoSer69: Gg ?
(02:50 / All) DotaLoSer69: wtf
(03:48 / All) DotaLoSer69: XD
(08:45 / All) DotaLoSer69: dam
(08:58 / All) CVNTPUNT: :]
(09:34 / All) CVNTPUNT: gg
(09:37 / All) DotaLoSer69: wow
(09:42 / All) DotaLoSer69: gomo
(10:15 / All) DotaLoSer69: dude my alie sucks alot
(11:50 / All) DotaLoSer69: Gg